[Event "Titled Tuesday Blitz August 02 Late 2022"]
[White "Clarke, Brandon G I"]
[Black "Andreikin, Dmitry"]
[WhiteFideId "400319"]
[BlackFideId "4158814"]
[WhiteElo "2414"]
[BlackElo "2736"]
[Result "0-1"]
[Round "03"]
[TimeControl "180+1"]
[Date "2022.08.02"]
[WhiteClock "0:00:03"]
[BlackClock "0:00:06"]

1. e4 c5 2. Nf3 e6 3. d4 cxd4 4. Nxd4 a6 5. Bd3 Bc5 6. Nb3 Be7 7. Qg4 g6 8. Qe2 d6 9. Nc3 Nd7 10. O-O b6 11. Bd2 Bb7 12. Rae1 h5 13. h3 Ngf6 14. Bg5 h4 15. Qe3 Rh5 16. f4 Rxg5 17. fxg5 Nh5 18. Qf2 Ne5 19. Qxh4 Bxg5 20. Qf2 Bh4 21. Qd4 Bxe1 22. Rxe1 Qc7 23. a4 Nf6 24. Rf1 Nfd7 25. Be2 O-O-O 26. a5 bxa5 27. Ra1 Nc6 28. Qf2 Qb6 29. Qxb6 Nxb6 30. Nxa5 Nb4 31. Bd3 Kc7 32. Kf2 Rb8 33. Ke3 Bc8 34. Rf1 f5 35. g4 Bd7 36. exf5 exf5 37. gxf5 Re8+ 38. Kd2 Nxd3 39. cxd3 Bxf5 40. h4 Re5 41. Nc4 Nxc4+ 42. dxc4 Kc6 43. Ra1 Bc8 44. Rg1 Bf5 45. Ra1 Kb7 46. Rg1 Re8 47. b3 Rh8 48. Rh1 Kc6 49. Ne2 Kc5 50. Kc3 a5 51. Nd4 Bd7 52. Rg1 d5 53. Rg5 Rh5 54. Rxg6 Rxh4 55. Ne6+ Bxe6 56. Rxe6 d4+ 57. Kc2 Rh2+ 58. Kc1 Kb4 59. c5 Kc3 60. Kb1 d3 61. Rd6 Rb2+ 62. Ka1 Rxb3 63. c6 Kc2 64. Ka2 Rc3 65. Rd5 d2 0-1


[Site "https://www.chess.com"]

[Event "Titled Tuesday Blitz August 02 Late 2022"]
[White "Dev, Shah"]
[Black "Salem, A.R. Saleh"]
[WhiteFideId "35019058"]
[BlackFideId "9301348"]
[WhiteElo "2048"]
[BlackElo "2679"]
[Result "0-1"]
[Round "03"]
[TimeControl "180+1"]
[Date "2022.08.02"]
[WhiteClock "0:00:16"]
[BlackClock "0:00:44"]

1. d4 d5 2. c4 e6 3. g3 Nf6 4. Bg2 Bb4+ 5. Nd2 O-O 6. Nf3 b6 7. O-O Bb7 8. Ne5 a5 9. a3 Be7 10. Ndf3 c5 11. cxd5 Bxd5 12. dxc5 bxc5 13. Be3 Qb6 14. b4 Rc8 15. Rb1 Qd8 16. bxc5 Bxc5 17. Bxc5 Rxc5 18. Ng5 Qc7 19. Ngxf7 Bxg2 20. Kxg2 Nc6 21. f4 Nd5 22. Qd2 Rc2 23. Qd3 Rc3 24. Qd2 Nxe5 25. Nxe5 Ne3+ 26. Kg1 Rd8 27. Qa2 Rd5 28. Rfe1 Qa7 29. Qb2 Nc4+ 0-1


[Site "https://www.chess.com"]

[Event "Titled Tuesday Blitz August 02 Late 2022"]
[White "Dimitrov, Atanas"]
[Black "Oparin, Grigoriy"]
[WhiteFideId "2901315"]
[BlackFideId "24125890"]
[WhiteElo "2678"]
[BlackElo "2639"]
[Result "0-1"]
[Round "03"]
[TimeControl "180+1"]
[Date "2022.08.02"]
[WhiteClock "0:02:13"]
[BlackClock "0:02:17"]

1. Nf3 c5 2. c4 Nf6 3. Nc3 e6 4. e3 d5 5. d4 Nc6 6. cxd5 exd5 7. Be2 cxd4 8. Nxd4 Bd6 9. Bf3 O-O 10. O-O Qe7 11. g3 Rd8 12. Nxc6 bxc6 13. b3 Bh3 14. Re1 Bb4 15. Bb2 Ne4 16. Qc2 Qf6 17. Bh1 Bxc3 18. Bxe4 Bxb2 19. Bxh7+ Kh8 0-1


[Site "https://www.chess.com"]

[Event "Titled Tuesday Blitz August 02 Late 2022"]
[White "Domingo Nunez, Ruben"]
[Black "Shimanov, Aleksandr"]
[WhiteFideId "22245570"]
[BlackFideId "4198603"]
[WhiteElo "2373"]
[BlackElo "2605"]
[Result "0-1"]
[Round "03"]
[TimeControl "180+1"]
[Date "2022.08.02"]
[WhiteClock "0:00:03"]
[BlackClock "0:00:12"]

1. c4 Nf6 2. Nc3 g6 3. g3 Bg7 4. Bg2 O-O 5. Nf3 c5 6. O-O d5 7. cxd5 Nxd5 8. Rb1 Nc6 9. Nxd5 Qxd5 10. a3 a5 11. d3 Qd6 12. Nd2 b6 13. Nc4 Qc7 14. Bf4 e5 15. Nxe5 Bxe5 16. Bxe5 Qxe5 17. Bxc6 Ra7 18. b4 cxb4 19. axb4 Bg4 20. Re1 Rc8 21. Qa4 h5 22. Bg2 b5 23. Qa3 a4 24. h3 Be6 25. Kh2 Rc3 26. Qa1 Rac7 27. Rec1 a3 28. Rc2 h4 29. Kh1 hxg3 30. fxg3 Qg7 31. Rd2 Qd4 0-1


[Site "https://www.chess.com"]

[Event "Titled Tuesday Blitz August 02 Late 2022"]
[White "Fedoseev, Vladimir"]
[Black "Lin, Dachey"]
[WhiteFideId "24130737"]
[BlackFideId "2029650"]
[WhiteElo "2726"]
[BlackElo "2313"]
[Result "1-0"]
[Round "03"]
[TimeControl "180+1"]
[Date "2022.08.02"]
[WhiteClock "0:00:23"]
[BlackClock "0:00:13"]

1. e4 g6 2. d4 Bg7 3. Nf3 c6 4. h3 d5 5. e5 Bf5 6. Nbd2 h5 7. Nh4 e6 8. Nxf5 gxf5 9. h4 Ne7 10. Be2 c5 11. c3 Nbc6 12. Nb3 c4 13. Nc5 Qc7 14. Bxh5 Kf8 15. Be3 b6 16. Na4 Ng6 17. Bxg6 fxg6 18. b3 cxb3 19. axb3 Na5 20. Rc1 Rc8 21. Nb2 Qd7 22. Nd3 Qb5 23. b4 Nc4 24. Bg5 Kf7 25. O-O Bh6 26. Bxh6 Rxh6 27. g3 Rg8 28. Ra1 a6 29. Qa4 Qxa4 30. Rxa4 Ra8 31. Rfa1 a5 32. bxa5 bxa5 33. Rb1 Ra7 34. Nc5 Rh8 35. Rb5 Rc8 36. Kf1 Rcc7 37. Ke2 Rc6 38. Nb7 Ke7 39. Nxa5 Nxa5 40. Raxa5 Rxa5 41. Rxa5 Rxc3 42. Ra7+ Kf8 43. Rb7 Ra3 44. Rc7 Rb3 45. Rc2 Kf7 46. Rd2 Ra3 47. Rd3 Ra2+ 48. Ke3 Rb2 49. Rc3 Ra2 50. Rc7+ Kf8 51. f3 Rg2 52. Kf4 Rd2 53. Kg5 Rxd4 54. Kf6 Ke8 55. Kxe6 Kd8 56. Rd7+ Kc8 57. Rxd5 1-0


[Site "https://www.chess.com"]

[Event "Titled Tuesday Blitz August 02 Late 2022"]
[White "Harsha Bharathakoti"]
[Black "Machidon, Cristi"]
[WhiteFideId "5078776"]
[BlackFideId "13904590"]
[WhiteElo "2575"]
[BlackElo "2312"]
[Result "1-0"]
[Round "03"]
[TimeControl "180+1"]
[Date "2022.08.02"]
[WhiteClock "0:00:06"]
[BlackClock "0:00:07"]

1. c4 c6 2. Nc3 d5 3. d4 Nf6 4. Nf3 a6 5. Qc2 b5 6. b3 e6 7. e3 Nbd7 8. Bd3 Be7 9. O-O Bb7 10. Bb2 O-O 11. Ne5 bxc4 12. bxc4 dxc4 13. Bxc4 c5 14. Rfd1 cxd4 15. Rxd4 Qc7 16. Nxd7 Nxd7 17. Rad1 Nf6 18. Bf1 Rfd8 19. Qb3 Rxd4 20. Rxd4 Rd8 21. Rxd8+ Bxd8 22. Ba3 h5 23. h3 Nd5 24. Nxd5 Bxd5 25. Qb4 Bf6 26. Qf8+ Kh7 27. Bxa6 g6 28. Bb5 Bg7 29. Qc5 Qxc5 30. Bxc5 Bxa2 31. Be8 e5 32. Be7 Be6 33. e4 Bc4 34. f3 Bh6 35. Kf2 Kg7 36. h4 Bd2 37. Bc5 Kf6 38. g4 hxg4 39. fxg4 Bf4 40. g5+ Kg7 41. Be7 Be6 42. Bf6+ Kg8 43. Kf3 Kf8 44. Bc6 Bb3 45. Bd5 Bd1+ 46. Kf2 Bh5 47. Bc4 Ke8 48. Bb5+ Kf8 49. Kg2 Be3 50. Kg3 Bf4+ 51. Kf2 Bd1 52. Be2 Bxe2 53. Kxe2 Bg3 54. Kf3 Bxh4 55. Kg4 Be1 56. Bxe5 Ke7 57. Bf4 Ke6 58. Kf3 f6 59. gxf6 1-0


[Site "https://www.chess.com"]

[Event "Titled Tuesday Blitz August 02 Late 2022"]
[White "Harvey, Marcus R"]
[Black "Grischuk, Alexander"]
[WhiteFideId "400092"]
[BlackFideId "4126025"]
[WhiteElo "2485"]
[BlackElo "2762"]
[Result "0-1"]
[Round "03"]
[TimeControl "180+1"]
[Date "2022.08.02"]
[WhiteClock "0:00:04"]
[BlackClock "0:00:05"]

1. e4 e6 2. d4 d5 3. exd5 exd5 4. Nf3 Nc6 5. c3 Bd6 6. Bd3 Nge7 7. O-O Bg4 8. Re1 Qd7 9. b4 O-O 10. a4 Ng6 11. h3 Bf5 12. Bf1 Rfe8 13. Rxe8+ Rxe8 14. Na3 a5 15. b5 Nce7 16. c4 b6 17. Be3 dxc4 18. Nxc4 Nd5 19. Nxd6 Qxd6 20. Bc1 h6 21. Ba3 Qf6 22. Rc1 Be4 23. Nd2 Ngf4 24. Nxe4 Rxe4 25. Bb2 Qe6 26. Kh1 Ne2 27. Rc2 Nxd4 28. Bxd4 Re1 29. Qd3 Nb4 30. Qc4 Nxc2 31. Qxc2 Rxf1+ 32. Kh2 Qd6+ 33. Be5 Qxe5+ 34. f4 Qxf4+ 0-1


[Site "https://www.chess.com"]

[Event "Titled Tuesday Blitz August 02 Late 2022"]
[White "Jaferian, Koosha"]
[Black "Mikhnenko, Alexander"]
[WhiteFideId "12507440"]
[BlackFideId "34143014"]
[WhiteElo "2030"]
[BlackElo "2134"]
[Result "1-0"]
[Round "03"]
[TimeControl "180+1"]
[Date "2022.08.02"]
[WhiteClock "0:00:50"]
[BlackClock "0:00:05"]

1. Nf3 d5 2. b3 Bf5 3. g3 e6 4. Bg2 h6 5. Bb2 Nf6 6. O-O Be7 7. d3 Bh7 8. Nbd2 O-O 9. e3 c5 10. Qe2 Nc6 11. Ne1 a5 12. a4 Nd7 13. f4 Bf6 14. Bxf6 Qxf6 15. Nef3 Qc3 16. Rfc1 Rad8 17. g4 e5 18. f5 f6 19. e4 Nd4 20. Nxd4 Qxd4+ 21. Kh1 dxe4 22. Bxe4 Kh8 23. Bxb7 Bg8 24. Be4 Nb6 25. Nc4 Nxc4 26. bxc4 Rb8 27. Rab1 Rb2 28. Rxb2 Qxb2 29. Rg1 Rb8 30. h4 Qa2 31. g5 Rb1 32. gxf6 Rxg1+ 33. Kxg1 gxf6 34. Qe3 Qb1+ 35. Kf2 Qxc2+ 36. Kg3 Kg7 37. Qxc5 Qe2 38. Qa7+ Bf7 39. Qf2 Qd1 40. c5 Qc1 41. c6 h5 42. Kh2 Qc3 43. Kg2 Kf8 44. Qb6 Qd2+ 45. Kf3 Qd1+ 46. Kg2 Qd2+ 47. Qf2 Qc3 48. Qe2 Ke7 49. Kf2 Kd6 50. Qe3 Qc2+ 51. Kg3 Qxa4 52. Qb6 Qb4 53. Qd8+ Kc5 54. Qe7+ Kb6 55. Qb7+ Kc5 56. Qxb4+ axb4 57. c7 Be6 58. fxe6 1-0


[Site "https://www.chess.com"]

[Event "Titled Tuesday Blitz August 02 Late 2022"]
[White "Jarmula, Lukasz"]
[Black "Drygalov, Sergey"]
[WhiteFideId "1160664"]
[BlackFideId "24171743"]
[WhiteElo "2246"]
[BlackElo "2523"]
[Result "0-1"]
[Round "03"]
[TimeControl "180+1"]
[Date "2022.08.02"]
[WhiteClock "0:00:05"]
[BlackClock "0:00:30"]

1. e4 c5 2. Nf3 d6 3. Bb5+ Nd7 4. c4 Nf6 5. Nc3 g6 6. O-O Bg7 7. d4 cxd4 8. Nxd4 a6 9. Bxd7+ Bxd7 10. Qd3 O-O 11. a4 Rc8 12. b3 Qb6 13. Be3 Qa5 14. Rab1 e6 15. Nde2 Qc7 16. Rfd1 Bc6 17. f3 Rfd8 18. Bf4 Ne8 19. Kh1 Qe7 20. Qd2 Be5 21. Bxe5 dxe5 22. Qe3 Qb4 23. h4 Qe7 24. Qg5 f6 25. Qg3 Ng7 26. Qf2 f5 27. b4 Rf8 28. b5 Be8 29. exf5 gxf5 30. bxa6 bxa6 31. f4 Rxc4 32. fxe5 Rxh4+ 33. Kg1 Rg4 34. Rd6 Kh8 35. Nf4 Rg8 36. Nce2 Bxa4 37. Rbb6 Bb5 38. Nd4 Qg5 39. Nh3 Qc1+ 40. Kh2 Nh5 0-1


[Site "https://www.chess.com"]

[Event "Titled Tuesday Blitz August 02 Late 2022"]
[White "Kamsky, Gata"]
[Black "Concio, Michael Jr."]
[WhiteFideId "2000024"]
[BlackFideId "5217873"]
[WhiteElo "2645"]
[BlackElo "1896"]
[Result "1-0"]
[Round "03"]
[TimeControl "180+1"]
[Date "2022.08.02"]
[WhiteClock "0:00:17"]
[BlackClock "0:00:02"]

1. e4 e5 2. Nf3 Nc6 3. Bb5 a6 4. Ba4 Nf6 5. O-O b5 6. Bb3 Bc5 7. c3 d6 8. d4 Bb6 9. h3 h6 10. Re1 Bb7 11. Be3 exd4 12. cxd4 O-O 13. d5 Na5 14. Bxb6 cxb6 15. Nbd2 Re8 16. Nd4 Bc8 17. Qf3 Bd7 18. Qf4 Qe7 19. N2f3 Nc4 20. Re2 Ne5 21. Bc2 Rac8 22. Rd1 b4 23. Qd2 Nxf3+ 24. Nxf3 a5 25. e5 dxe5 26. d6 Qe6 27. Nxe5 Qxe5 28. Rxe5 Rxe5 29. Bb1 Rcc5 30. Qf4 Nh5 31. Qf3 Nf6 32. Qb7 Rc6 33. Bd3 1-0


[Site "https://www.chess.com"]

[Event "Titled Tuesday Blitz August 02 Late 2022"]
[White "Koelle, Tobias"]
[Black "Ghaem Maghami, Ehsan"]
[WhiteFideId "16207378"]
[BlackFideId "12500739"]
[WhiteElo "2541"]
[BlackElo "2627"]
[Result "0-1"]
[Round "03"]
[TimeControl "180+1"]
[Date "2022.08.02"]
[WhiteClock "0:01:23"]
[BlackClock "0:00:58"]

1. d4 Nf6 2. c4 e6 3. Nc3 Bb4 4. Qc2 O-O 5. e4 d6 6. e5 dxe5 7. dxe5 Ng4 8. Nf3 Nc6 9. Bf4 Nd4 10. Qd2 c5 11. Rd1 f6 12. exf6 Qxf6 13. Bg3 Qxf3 14. gxf3 Nxf3+ 15. Ke2 Nxd2 16. Rxd2 e5 17. Bg2 Bxc3 18. bxc3 Be6 19. Bd5 Bxd5 20. Rxd5 b6 21. h3 Nf6 22. Rxe5 Rfe8 23. Rd1 Kf7 24. Kf3 Rxe5 25. Bxe5 Re8 26. Bxf6 Kxf6 27. Rd6+ Ke7 28. Rd5 Rf8+ 29. Ke3 Rf6 30. h4 Re6+ 31. Kf3 Re1 32. Rd2 Rc1 33. Ke4 Rxc3 34. Kd5 Rh3 35. Re2+ Kd7 36. Re4 Rf3 37. Rg4 g6 38. Rg2 Rf4 39. h5 Rf5+ 40. Ke4 Rxh5 41. f4 Rh1 42. Rd2+ Ke6 43. Kf3 Rc1 44. Re2+ Kf6 45. Re4 Rc3+ 46. Kg4 h5+ 47. Kh4 Rf3 48. a3 Rxa3 49. f5 gxf5 50. Re8 Ra4 51. Rf8+ Ke5 52. Kg5 Rxc4 53. Re8+ Kd6 54. Kh6 h4 55. Kg7 h3 56. Rh8 Rc3 57. Rh6+ Kd5 58. Kh7 b5 59. Kg7 b4 60. Rg6 b3 61. Kg8 b2 62. Kg7 b1=Q 63. Kh7 f4 64. Kg7 Qxg6+ 65. Kh8 Qf6+ 0-1


[Site "https://www.chess.com"]

[Event "Titled Tuesday Blitz August 02 Late 2022"]
[White "Kravtsiv, Martyn"]
[Black "Perez Leiva, Jerzy Jesus"]
[WhiteFideId "14113147"]
[BlackFideId "3524337"]
[WhiteElo "2694"]
[BlackElo "2287"]
[Result "1-0"]
[Round "03"]
[TimeControl "180+1"]
[Date "2022.08.02"]
[WhiteClock "0:00:29"]
[BlackClock "0:00:04"]

1. e4 d6 2. d4 Nf6 3. Nc3 e5 4. dxe5 dxe5 5. Qxd8+ Kxd8 6. Bg5 Be6 7. O-O-O+ Kc8 8. f4 exf4 9. Nf3 c6 10. Bxf4 Nbd7 11. Ng5 Bg4 12. Rd2 Bh5 13. Bc4 Bb4 14. e5 Nd5 15. Bxd5 cxd5 16. Rxd5 Re8 17. Nb5 a6 18. Nd6+ Bxd6 19. exd6 Bg6 20. Nf3 f6 21. Rd2 b6 22. Re1 Rxe1+ 23. Nxe1 Kd8 24. Re2 Rc8 25. Re7 Rc4 26. Bg3 Ne5 27. Bxe5 fxe5 28. Rxe5 Rd4 29. Re6 Bh5 30. Nf3 Rd5 31. c4 Rc5 32. Nd2 Bf7 33. Re4 Kd7 34. Re7+ Kxd6 35. Rxf7 1-0


[Site "https://www.chess.com"]

[Event "Titled Tuesday Blitz August 02 Late 2022"]
[White "Mardov, Dimitar"]
[Black "Chen, Justin"]
[WhiteFideId "30919495"]
[BlackFideId "2098199"]
[WhiteElo "2185"]
[BlackElo "2289"]
[Result "1-0"]
[Round "03"]
[TimeControl "180+1"]
[Date "2022.08.02"]
[WhiteClock "0:01:13"]
[BlackClock "0:01:09"]

1. d4 d5 2. c4 e6 3. Nf3 Nf6 4. Nc3 Be7 5. Bf4 O-O 6. e3 b6 7. cxd5 Nxd5 8. Bg3 Bb7 9. Be2 Nd7 10. O-O c5 11. Rc1 Rc8 12. Nxd5 Bxd5 13. Ba6 Ra8 14. b3 cxd4 15. Nxd4 Nc5 16. Bc4 Rc8 17. Qe2 Bxc4 18. Rxc4 Qd5 19. Rfc1 a5 20. a3 Rcd8 21. b4 axb4 22. axb4 Ne4 23. Nc6 Rd7 24. Rd4 1-0


[Site "https://www.chess.com"]

[Event "Titled Tuesday Blitz August 02 Late 2022"]
[White "Mathieu, Phileas"]
[Black "Kosteniuk, Alexandra"]
[WhiteFideId "36048410"]
[BlackFideId "4128125"]
[WhiteElo "2138"]
[BlackElo "2469"]
[Result "0-1"]
[Round "03"]
[TimeControl "180+1"]
[Date "2022.08.02"]
[WhiteClock "0:00:49"]
[BlackClock "0:01:34"]

1. e4 c6 2. Nc3 d5 3. Nf3 dxe4 4. Nxe4 Nf6 5. Nxf6+ exf6 6. Bc4 Qe7+ 7. Qe2 Qxe2+ 8. Kxe2 Bd6 9. d4 O-O 10. Be3 Nd7 11. Bd3 Re8 12. c4 Nf8 13. g3 f5 14. Kd2 Ng6 15. a3 f4 16. gxf4 Nxf4 17. Rhg1 Nxd3 18. Kxd3 Bf5+ 19. Kc3 f6 20. b4 Kf7 21. h4 Be4 22. Nd2 Bg6 23. Rae1 a5 24. c5 Bc7 25. Ra1 f5 26. Nc4 f4 27. Bd2 Re2 28. Rgf1 Bf5 29. bxa5 Rxa5 30. Rae1 Rxe1 31. Rxe1 Ra8 32. Kb4 Rd8 33. Kc3 Ra8 34. Kb4 Be6 35. Ne5+ Kf6 36. Bxf4 Ba5+ 0-1


[Site "https://www.chess.com"]

[Event "Titled Tuesday Blitz August 02 Late 2022"]
[White "Nakamura, Hikaru"]
[Black "Sorkin, Igor"]
[WhiteFideId "2016192"]
[BlackFideId "2803283"]
[WhiteElo "2850"]
[BlackElo "2401"]
[Result "1-0"]
[Round "03"]
[TimeControl "180+1"]
[Date "2022.08.02"]
[WhiteClock "0:01:43"]
[BlackClock "0:00:54"]

1. Nf3 d6 2. d4 g6 3. e4 Bg7 4. Bc4 Nf6 5. Qe2 O-O 6. e5 dxe5 7. dxe5 Nd5 8. O-O c6 9. h3 Nb6 10. Bb3 a5 11. a3 Qc7 12. Re1 c5 13. c3 a4 14. Ba2 Nc6 15. Bf4 h6 16. Nbd2 Na5 17. Qe3 Kh7 18. e6 Qc6 19. exf7 Nd5 20. Bxd5 Qxd5 21. Ne4 b6 22. Rad1 Qf5 23. g4 1-0


[Site "https://www.chess.com"]

[Event "Titled Tuesday Blitz August 02 Late 2022"]
[White "Naroditsky, Daniel"]
[Black "Nazari, Arad"]
[WhiteFideId "2026961"]
[BlackFideId "12577324"]
[WhiteElo "2608"]
[BlackElo "2129"]
[Result "1-0"]
[Round "03"]
[TimeControl "180+1"]
[Date "2022.08.02"]
[WhiteClock "0:00:20"]
[BlackClock "0:00:05"]

1. e4 e5 2. Nf3 Nc6 3. Nc3 Nf6 4. g3 d5 5. exd5 Nxd5 6. Bg2 Nxc3 7. bxc3 Bc5 8. O-O O-O 9. d3 Bf5 10. Re1 Re8 11. Rb1 Qd7 12. Ng5 Bb6 13. Ne4 Be6 14. c4 Rad8 15. Bg5 Rb8 16. Qh5 Bf5 17. Nf6+ gxf6 18. Bxf6 Bc5 19. Bh3 Nd4 20. Qg5+ Bg6 21. Bxd7 Nf3+ 22. Kg2 Nxg5 23. Bxe8 Rxe8 24. Bxg5 b6 25. Be3 Bf8 26. f3 f6 27. a4 Re6 28. a5 bxa5 29. Rb7 Bb4 30. Rb1 c5 31. Rxa7 f5 32. c3 Bxc3 33. Rb8+ Re8 34. Rxe8+ Bxe8 35. Bxc5 a4 36. Kf2 h5 37. Ke3 Bb2 38. d4 exd4+ 39. Bxd4 Bc1+ 40. Kd3 Bc6 41. f4 Ba3 42. Ra6 Be8 43. Kc3 Kf7 44. c5 Bc1 45. c6 a3 46. c7 Bb2+ 47. Kc4 Bd7 48. Bxb2 axb2 49. Rb6 1-0


[Site "https://www.chess.com"]

[Event "Titled Tuesday Blitz August 02 Late 2022"]
[White "Paiva, Henrique M A Albergaria"]
[Black "Chiu, Isaac"]
[WhiteFideId "1920995"]
[BlackFideId "30900654"]
[WhiteElo "1975"]
[BlackElo "2181"]
[Result "0-1"]
[Round "03"]
[TimeControl "180+1"]
[Date "2022.08.02"]
[WhiteClock "0:00:37"]
[BlackClock "0:00:16"]

1. e4 Nf6 2. e5 Nd5 3. d4 d6 4. Nf3 dxe5 5. Nxe5 c6 6. c3 Nd7 7. Bc4 Nxe5 8. dxe5 Be6 9. O-O Nxc3 10. Nxc3 Qxd1 11. Rxd1 Bxc4 12. Rd4 Be6 13. Be3 g6 14. Rb4 b6 15. a4 c5 16. Re4 a5 17. Nb5 O-O-O 18. b4 Bd5 19. Rf4 Bh6 20. bxc5 Bxf4 21. Bxf4 bxc5 22. Rb1 Rd7 23. Nc3 Bb7 24. Rb5 Rd3 25. Rxc5+ Kb8 26. e6+ Ka7 27. exf7 Rf8 28. Be3 Kb8 29. Bf4+ Ka7 30. Be3 Rxf7 31. Nb5+ Ka8 32. h3 Rd7 33. Nc3 Rf5 34. Rc4 Kb8 35. g4 Rf3 36. Bf4+ Ka8 37. Bg3 Rxc3 0-1


[Site "https://www.chess.com"]

[Event "Titled Tuesday Blitz August 02 Late 2022"]
[White "Pakleza, Zbigniew"]
[Black "Vlassov, Nikolai"]
[WhiteFideId "1119290"]
[BlackFideId "4103360"]
[WhiteElo "2467"]
[BlackElo "2324"]
[Result "1-0"]
[Round "03"]
[TimeControl "180+1"]
[Date "2022.08.02"]
[WhiteClock "0:00:11"]
[BlackClock "0:00:05"]

1. d4 Nf6 2. Nf3 e6 3. Bf4 c5 4. c3 b6 5. e3 Bb7 6. Nbd2 Be7 7. Nc4 Ne4 8. Bd3 O-O 9. Qc2 f5 10. h3 b5 11. Ncd2 Nxd2 12. Qxd2 Bxf3 13. gxf3 c4 14. Bc2 d5 15. e4 Nc6 16. exf5 exf5 17. Kf1 b4 18. Re1 bxc3 19. bxc3 Bd6 20. Rg1 Bxf4 21. Qxf4 Qf6 22. h4 g6 23. h5 Kg7 24. Ba4 Nd8 25. h6+ Kh8 26. Qe5 Qxe5 27. Rxe5 Rb8 28. Rxd5 Nf7 29. Rd7 Nxh6 30. Kg2 Rf7 31. Re1 Kg7 32. d5 Rb2 33. Ree7 Rxa2 34. Bc6 Rc2 35. Rxa7 Rxc3 36. d6 Rd3 37. Rxf7+ Nxf7 38. d7 c3 39. Bb5 Rd2 40. Ra3 c2 41. Rc3 Ne5 42. Rxc2 Rd5 43. Rc5 Kf6 44. Rxd5 1-0


[Site "https://www.chess.com"]

[Event "Titled Tuesday Blitz August 02 Late 2022"]
[White "Paravyan, David"]
[Black "Aghasiyev, Kamal"]
[WhiteFideId "4194985"]
[BlackFideId "13402854"]
[WhiteElo "2569"]
[BlackElo "2210"]
[Result "1-0"]
[Round "03"]
[TimeControl "180+1"]
[Date "2022.08.02"]
[WhiteClock "0:01:06"]
[BlackClock "0:00:01"]

1. e4 e5 2. Nf3 Nc6 3. Nc3 Nf6 4. d4 exd4 5. Nxd4 Bb4 6. Nxc6 bxc6 7. Bd3 O-O 8. O-O d5 9. exd5 cxd5 10. Bg5 c6 11. Qf3 Bd6 12. Rae1 h6 13. Bxf6 Qxf6 14. Qxf6 gxf6 15. Nd1 Rb8 16. b3 f5 17. Ne3 f4 18. Nf5 Bxf5 19. Bxf5 Kg7 20. Bd7 Rb6 21. Rd1 Be5 22. Rfe1 Bc3 23. Re2 f3 24. Re3 d4 25. Rxf3 c5 26. Rg3+ Rg6 27. Rh3 Rd8 28. Bb5 Rdd6 29. Bd3 Rge6 30. Rh5 Bb4 31. g3 Re7 32. Kg2 Rde6 33. Rf1 Re1 34. Rxe1 Rxe1 35. Rd5 Re7 36. Rd8 Rc7 37. f4 Re7 38. Kf3 Re3+ 39. Kg4 Re7 40. Kf5 Rc7 41. Bc4 Re7 42. Rd5 Rc7 43. Re5 Rd7 44. Re8 Rc7 45. Ke4 Rd7 46. a4 a5 47. Ra8 Re7+ 48. Kd5 Rd7+ 49. Kc6 Re7 50. Kb5 Rb7+ 51. Kc6 Re7 52. Kb6 Rd7 53. Bd3 Rd6+ 54. Kb5 h5 55. Ra7 h4 56. Bc4 Rf6 57. Bd5 hxg3 58. hxg3 Be1 59. Rxa5 Bxg3 60. Kc4 Bf2 61. Kd3 Rxf4 62. Rxc5 Be3 63. Rc7 Rf2 64. a5 Rd2+ 65. Ke4 Kf8 66. a6 1-0


[Site "https://www.chess.com"]

[Event "Titled Tuesday Blitz August 02 Late 2022"]
[White "Piesik, Piotr"]
[Black "Czarnota, Pawel"]
[WhiteFideId "1136194"]
[BlackFideId "1121219"]
[WhiteElo "2242"]
[BlackElo "2534"]
[Result "0-1"]
[Round "03"]
[TimeControl "180+1"]
[Date "2022.08.02"]
[WhiteClock "0:00:01"]
[BlackClock "0:00:01"]

1. Nf3 c6 2. g3 d5 3. Bg2 Nf6 4. O-O Bg4 5. d3 Bxf3 6. Bxf3 Nbd7 7. Nd2 e6 8. e4 Bd6 9. Bg2 O-O 10. Qe2 Qe7 11. a4 dxe4 12. dxe4 e5 13. Nc4 Bc5 14. Rd1 Nb6 15. Ne3 Bxe3 16. Bxe3 Qe6 17. b3 Rfd8 18. a5 Nbd7 19. f3 b6 20. Bf1 h5 21. Qe1 h4 22. Bc4 Qe7 23. g4 Ne8 24. g5 b5 25. Bf1 Nf8 26. Qxh4 Ng6 27. Qg3 Nc7 28. Bh3 Ne6 29. Bxe6 Qxe6 30. h4 Qe7 31. h5 Nf4 32. Kh2 Nxh5 33. Qg4 g6 34. a6 Qc7 35. Kg2 Rxd1 36. Rxd1 Qa5 37. Qd7 Qxa6 38. Qe7 Qc8 39. Qxe5 Qe8 40. Qc7 a5 41. Rd7 a4 42. bxa4 bxa4 43. Bd4 a3 44. Re7 Qb8 45. Rxf7 Qxc7 46. Rxc7 a2 47. Ba1 Ra6 48. Kf2 Nf4 49. Ke3 Ne6 50. Re7 Nxg5 51. Rg7+ Kf8 52. Rxg6 Ra3+ 53. Ke2 Nh3 54. Rxc6 Nf4+ 55. Kf2 Ke7 56. Rc3 Ra4 57. Ke3 Ng2+ 58. Kf2 Nf4 59. Rb3 Rc4 60. Rb2 Ra4 61. Ke3 Ng2+ 62. Kd2 Nf4 63. Rb3 Ne6 64. Kc1 Nc5 65. Rc3 Kd6 66. Kb2 Ra8 67. Ra3 Rb8+ 68. Kxa2 Ne6 69. Bc3 Kc5 70. Ra4 Rf8 71. Ra5+ Kb6 72. Re5 Nc7 0-1


[Site "https://www.chess.com"]

[Event "Titled Tuesday Blitz August 02 Late 2022"]
[White "Popilski, Gil"]
[Black "Yanchenko, Roman"]
[WhiteFideId "2809060"]
[BlackFideId "4137329"]
[WhiteElo "2537"]
[BlackElo "2514"]
[Result "0-1"]
[Round "03"]
[TimeControl "180+1"]
[Date "2022.08.02"]
[WhiteClock "0:00:10"]
[BlackClock "0:01:04"]

1. d4 d5 2. c4 c6 3. Nf3 Bf5 4. Qb3 Qb6 5. c5 Qxb3 6. axb3 Bxb1 7. Rxb1 Nd7 8. b4 a6 9. Bf4 g6 10. e3 Bg7 11. h3 Ngf6 12. Nd2 O-O 13. Nb3 Rfe8 14. Na5 Ra7 15. Be2 e5 16. dxe5 Nxe5 17. O-O Nfd7 18. Rbc1 Bf6 19. Rfd1 Bd8 20. Bg3 f5 21. Bh2 Nf7 22. g4 Re4 23. Rd4 Bf6 24. Rxe4 fxe4 25. Rc2 Be5 26. f4 exf3 27. Bxf3 Bxh2+ 28. Kxh2 Nfe5 29. Kg3 Nd3 30. e4 N7e5 31. exd5 Nxf3 32. d6 Nfe5 33. Rd2 Kf7 34. d7 Ke7 35. Nc4 Nxc4 36. Rxd3 Kd8 37. Kf4 Nxb2 38. Rd6 a5 39. bxa5 Rxa5 40. Kg5 Rxc5+ 41. Kh6 Rd5 42. Rf6 Rxd7 0-1


[Site "https://www.chess.com"]

[Event "Titled Tuesday Blitz August 02 Late 2022"]
[White "Rasulov, Vugar"]
[Black "Blanco Ronquillo, Humberto L."]
[WhiteFideId "13402390"]
[BlackFideId "3504239"]
[WhiteElo "2523"]
[BlackElo "2423"]
[Result "1-0"]
[Round "03"]
[TimeControl "180+1"]
[Date "2022.08.02"]
[WhiteClock "0:01:22"]
[BlackClock "0:00:06"]

1. d4 d5 2. c4 e6 3. Nf3 a6 4. g3 dxc4 5. Bg2 Nf6 6. O-O b5 7. Ne5 Nd5 8. a4 Bb7 9. b3 cxb3 10. Qxb3 c6 11. e4 Nb6 12. Bb2 Bd6 13. axb5 cxb5 14. Nc3 O-O 15. Rfd1 Qe7 16. Nd3 Nc6 17. e5 Bb8 18. Ba3 Qd7 19. Nc5 Qc8 20. Nxb7 Qxb7 21. Bxf8 Kxf8 22. d5 exd5 23. Nxd5 Nc4 24. Nb4 1-0


[Site "https://www.chess.com"]

[Event "Titled Tuesday Blitz August 02 Late 2022"]
[White "Rychagov, Andrey"]
[Black "Sarana, Alexey"]
[WhiteFideId "4119932"]
[BlackFideId "24133795"]
[WhiteElo "2481"]
[BlackElo "2666"]
[Result "0-1"]
[Round "03"]
[TimeControl "180+1"]
[Date "2022.08.02"]
[WhiteClock "0:00:04"]
[BlackClock "0:00:06"]

1. d4 Nf6 2. c4 e6 3. Nf3 d5 4. Nc3 a6 5. cxd5 exd5 6. Bg5 Be6 7. e3 Nbd7 8. Bd3 Bd6 9. O-O c6 10. Bf4 Qc7 11. Bxd6 Qxd6 12. h3 O-O 13. Qc2 Qe7 14. Ne5 g6 15. f4 Nxe5 16. dxe5 Nd7 17. e4 Qc5+ 18. Qf2 Qxf2+ 19. Rxf2 Nc5 20. Bc2 dxe4 21. Rd2 Rfd8 22. Rad1 Rxd2 23. Rxd2 e3 24. Rd4 a5 25. Kf1 b5 26. Ke2 b4 27. Ne4 Nxe4 28. Bxe4 c5 29. Rd6 Rc8 30. a3 Rb8 31. Kxe3 bxa3 32. bxa3 Rb3+ 33. Rd3 Rb2 34. Rc3 c4 35. g4 Rh2 36. Kd4 Rd2+ 37. Kc5 Rf2 38. Bf3 Kf8 39. Kb6 Rb2+ 40. Kc5 Rf2 41. Kb5 Rb2+ 42. Kc5 Rb8 43. Be4 Rc8+ 44. Kd4 Rd8+ 45. Ke3 Rc8 46. f5 gxf5 47. gxf5 Bd7 48. Kd4 Bb5 49. Bd5 Rd8 50. Kc5 Ba6 51. Bxc4 Bc8 52. Bd3 Bd7 53. Kb6 a4 54. Be4 Be8 55. Rd3 Rc8 56. Kb7 Rc5 57. e6 fxe6 58. fxe6 Re5 59. Bd5 Ke7 60. Kc7 Rh5 61. Bc4 Rc5+ 62. Kb6 Rxc4 63. Re3 Rc6+ 64. Kb7 Rxe6 0-1


[Site "https://www.chess.com"]